 Dungeon Crawl Stone Soup version 0.29-a0-885-gb26ba3297d (webtiles) character file.

Game seed: 9573591818498010460

180 porpoise the Magician (level 5, -3/40 HPs)
             Began as a Djinni Hedge Wizard on July 21, 2022.
             Slain by a gnoll
             ... wielding a +0 flail
              (13 damage)
             ... on level 3 of the Dungeon.
             The game lasted 00:07:40 (2538 turns).

porpoise the Magician (Djinni Hedge Wizard)         Turns: 2538, Time: 00:07:40

Health: -3/40      AC:  3    Str:  9    XL:     5   Next: 91%
Gold:   190        EV: 12    Int: 23    God:
                   SH:  0    Dex: 13

rFire   + + .      SeeInvis .   a - +0 dagger
rCold   x . .      Faith    .   (no shield)
rNeg    . . .      Spirit   .   b - +0 robe
rPois   ∞          Reflect  .   c - +0 hat
rElec   .          Harm     .   (no cloak)
rCorr   .          Rampage  .   s - +0 pair of gloves
Will    .....                   (boots unavailable)
Stlth   ++........              (no amulet)
HPRegen 0.13/turn               j - +6 ring of intelligence
MPRegen 0.00/turn               (no ring)

@: flying
A: sickness immunity, fire resistance 2, cold vulnerability 1, float, innate
caster, HP casting, extra vitality 1
a: no special abilities


You were on level 3 of the Dungeon.
You visited 1 branch of the dungeon, and saw 3 of its levels.

You collected 190 gold pieces.

Inventory:

Hand Weapons
 a - a +0 dagger (weapon)
Missiles
 k - 3 poisoned darts
Armour
 b - a +0 robe (worn)
 c - a +0 hat (worn)
 m - a +2 scale mail of cold resistance
 s - a +0 pair of gloves (worn)
Jewellery
 j - a +6 ring of intelligence (left hand)
Wands
 r - a wand of charming (1)
Scrolls
 d - a scroll of enchant weapon {unknown}
 f - 3 scrolls of teleportation {unknown}
 g - a scroll of fog {unknown}
 l - a scroll of brand weapon {unknown}
 o - a scroll of fear {unknown}
 q - a scroll of immolation {unknown}
 u - 2 scrolls of identify {unknown}
Potions
 e - 3 potions of attraction {unknown}
 h - 2 potions of might {unknown}
 i - a potion of mutation {unknown}
 n - a potion of flight {unknown}
 p - 3 potions of lignification {unknown}
 t - a potion of curing
 v - a potion of heal wounds {unknown}


   Skills:
 + Level 3.5 Fighting
 - Level 2.1 Dodging
 - Level 1.5 Stealth
 + Level 3.7 Spellcasting


You couldn't memorise any spells.
You knew the following spells:

 Your Spells              Type           Power      Damage    Failure   Level
a - Magic Dart            Conj           84%        1d7       2%          1
b - Blink                 Tloc           42%        N/A       3%          2
c - Call Imp              Summ           21%        N/A       3%          2
d - Slow                  Hex            84%        N/A       2%          1
e - Conjure Flame         Conj/Fire      21%        6-21      7%          3
f - Mephitic Cloud        Conj/Pois/Air  21%        N/A       7%          3
g - Sting                 Tmut/Pois      84%        1d7       2%          1
h - Passwall              Tmut/Erth      17%        N/A       3%          2
Your spell library was empty.

Dungeon Overview and Level Annotations

Branches:
Dungeon (3/15)

Altars:


Innate Abilities, Weirdness & Mutations

You are immune to sickness and miasma.
You are immune to poison.
Your flesh is very heat resistant. (rF++)
You are vulnerable to cold. (rC-)
You float through the air rather than walking.
You learn spells naturally, not from books.
Your magical power is your life essence.
You have superior vitality. (+4 MHP)


Message History

Your magical contamination has completely faded away.
There is an open door, spattered with blood here.
Items here: ))))) ††††.
You reach down and close the door, pushing everything out of the way.
Items here: )) ††.
You start resting.
You hear a shout! x2 2 gnolls come into view.
Okay, then.
Unknown command.
Casting: Mephitic Cloud (dangerous; 7% risk of failure)
Confirm with . or Enter, or press ? or * to list all spells.
Aiming: Mephitic Cloud (dangerous; 7% risk of failure)
Press: ? - help, Shift-Dir - straight line, f/p - gnoll
Aim: a gnoll, wielding a +0 club (moderately wounded, chance to affect: 91%)
The ball explodes into a vile cloud!
The stinking cloud engulfs the gnoll but does no damage.
The gnoll is moderately wounded.
The gnoll shouts!
* * * LOW HITPOINT WARNING * * *
You hear a shout! x4
A gnoll comes into view. It is wielding a +0 spear.
The gnoll is engulfed in noxious fumes.
The gnoll appears confused.
The gnoll is engulfed in noxious fumes.
The gnoll appears confused.
There is a broken door, spattered with blood here.
Okay, then.
Aiming: Charm
Press: ? - help, Shift-Dir - straight line, f - gnoll, p - gnoll
Aim: a gnoll, wielding a +0 spear (lightly wounded, chance to affect: 57%)
The gnoll is charmed.
You see here a +0 club.
You barely miss the gnoll.
The gnoll is moderately wounded.
Your gnoll hits the gnoll from afar with a +0 spear!
The gnoll dies! 2 orcs come into view.
An orc is wielding a +1 antimagic short sword.
The orc shouts! x2
Your gnoll closely misses the gnoll.
The gnoll hits you with a +0 flail!
You die...

#.......... ##.........
......<#####.........
......#...##.......#
.....#(..##.....#.######
#....#)))##.............
#...###'##....†.#..#.... #.#.#
#))#......##...... .
#.#.###@g#......###.)...
..######.#o...g........##......
..........†o....#.##.###<.#....
.........######...##.##.<##....
.#.......# #.......#.###....
#...†#.### #.......#.# #####
...##.....## #.........# #.
###....## #........## #
###...###........#


You could see a gnoll (ally target), 2 orcs and a friendly gnoll (charmed).

Vanquished Creatures
  An ogre (D:3)
  3 adders (D:2)
  A dart slug (D:1)
  An orc (D:3)
  An endoplasm (D:3)
  A giant cockroach (D:2)
  10 goblins
  A hobgoblin (D:2)
  3 kobolds
  A quokka (D:3)
  6 ball pythons
  4 bats
  6 frilled lizards
  2 rats
41 creatures vanquished.

Vanquished Creatures (collateral kills)
  A gnoll (D:3)
  An adder (D:2)
  A worm (D:2)
3 creatures vanquished.

Grand Total: 44 creatures vanquished

Notes
Turn   | Place    | Note
-------+----------+-------------------------------------------
     0 | D:1      | porpoise the Djinni Hedge Wizard began the quest for the
                  | Orb.
     0 | D:1      | porpoise set off with the following spells memorised: Magic
                  | Dart, Blink, Call Imp, Slow, Conjure Flame, Mephitic Cloud.
     0 | D:1      | Reached XP level 1. HP: 15/15 MP: 0/0
   246 | D:1      | Found a faded altar of an unknown god.
   623 | D:1      | Reached XP level 2. HP: 20/22 MP: 0/0
   746 | D:1      | Reached skill level 1 in Fighting
  1168 | D:2      | Reached XP level 3. HP: 25/28 MP: 0/0
  1168 | D:2      | Learned a level 1 spell: Sting
  1447 | D:2      | Reached XP level 4. HP: 16/33 MP: 0/0
  2448 | D:3      | Noticed an ogre
  2461 | D:3      | Killed an ogre
  2462 | D:3      | Reached XP level 5. HP: 22/40 MP: 0/0
  2462 | D:3      | Learned a level 2 spell: Passwall
  2538 | D:3      | Slain by a gnoll

Illustrated notes

Levels and vault maps discovered:
D:1:      amcnicky_arrival_blooded_trapdoor, layout_basic,
          shapermc_ecumenical_altar_pompeii
D:2:      layout_loops_ring, hangedman_feature_mirror, nrook_loot_triangle,
          st_stairs_4, hex_medium, minmay_nonomino_d4
D:3:      layout_rooms, minmay_ogre_servants, uniq_grinder

Skill      XL: |  1  2  3  4 |
---------------+-------------+-----
Fighting       | 1 2 3 |  3.5
Spellcasting   | 3 |  3.7
Dodging        | |  2.1
Stealth        | |  1.5

Action                   |  1- 3 |  4- 6 || total
-------------------------+-------+-------++-------
Melee: Dagger            |    15 |    32 ||    47
 Cast: Magic Dart        |    35 |    18 ||    53
       Call Imp          |     2 |       ||     2
       Mephitic Cloud    |     1 |    10 ||    11
Evoke: Wand              |       |     1 ||     1
  Use: Potion            |       |     1 ||     1
 Stab: Confused          |       |     1 ||     1
Armor: Robe              |     2 |     6 ||     8
Dodge: Dodged            |    13 |    19 ||    32

Table legend: (Time is in decaauts)
 A = Elapsed time spent in this place.
 B = Non-inter-level travel time spent in this place.
 C = Inter-level travel time spent in this place.
 D = Time resting spent in this place.
 E = Time spent auto-exploring this place.
 F = Levels seen in this place.
 G = Mean time per level.
                   A        B        C        D        E       F      G
               +--------+--------+--------+--------+--------+-----+--------+
         Total |   2536 |   2499 |     37 |    985 |   1216 |   3 |  845.3 |
       Dungeon |   2536 |   2499 |     37 |    985 |   1216 |   3 |  845.3 |
               +--------+--------+--------+--------+--------+-----+--------+

Top non-repeatable levels by time:
     D:2: 1282 daAuts
     D:1: 1010 daAuts
     D:3: 243 daAuts
